 Dungeon Crawl Stone Soup version 0.30-a0-459-g9104f0fc43 (webtiles) character file.

Game seed: 4292099958621072071

1581 NinjaNoafa the Summoner (level 8, -4/31 HPs)
             Began as a Felid Summoner on Dec 15, 2022.
             Was an Initiate of Gozag.
             Killed from afar by a steam dragon (10 damage)
             ... with a ball of steam
             ... on level 8 of the Dungeon.
             The game lasted 00:18:03 (10335 turns).

NinjaNoafa the Summoner (Felid Summoner)           Turns: 10335, Time: 00:18:03

Health: -4/31      AC:  2    Str:  4    XL:     8   Next: 60%
Magic:  10/21      EV: 17    Int: 20    God:    Gozag
Gold:   641        SH:  0    Dex: 17    Spells: 7/23 levels left
                                        Lives:  0   Deaths: 2

rFire   . . .      SeeInvis +    (weapon unavailable)
rCold   . . .      Faith    .    (shield unavailable)
rNeg    . . .      Spirit   .    (body armour unavailable)
rPois   .          Reflect  .    (helmet unavailable)
rElec   .          Harm     .    (cloak unavailable)
rCorr   .          Rampage  .    (gloves unavailable)
Will    ++...                    (boots unavailable)
Stlth   ++........               (no amulet)
HPRegen 0.25/turn                A - ring of willpower
MPRegen 0.17/turn                f - ring of wizardry

@: quick
A: very small, claws 1, fangs 3, see invisible, speed 1, shaggy fur 2, stealthy
paws, no weapons or thrown items, no armour, multi-lived
a: Renounce Religion, Potion Petition, Call Merchant, Bribe Branch


You were on level 8 of the Dungeon.
You worshipped Gozag.
Gozag was pleased with you.
You visited 2 branches of the dungeon, and saw 9 of its levels.
You also visited: Sewer.

You collected 1254 gold pieces.
You spent 523 gold pieces at shops.
You paid 90 gold pieces to Gozag.

Inventory:

Jewellery
 f - a ring of wizardry (right paw)
 u - a ring of poison resistance
 w - a ring of protection from cold
 A - a ring of willpower (left paw)
Wands
 i - a wand of mindburst (7)
 o - a wand of acid (7)
 B - a wand of roots (1)
Scrolls
 k - 2 scrolls of butterflies
 l - 3 scrolls of fog
 m - 4 scrolls of vulnerability
 n - a scroll of poison
 q - 3 scrolls of silence {unknown}
 r - 2 scrolls of blinking {unknown}
 t - a scroll of fear
 v - 4 scrolls of teleportation
 y - a scroll of noise
Potions
 a - 2 potions of magic
 b - 5 potions of heal wounds
 d - 2 potions of curing
 e - 2 potions of cancellation
 g - 3 potions of brilliance
 h - a potion of resistance {unknown}
 j - 2 potions of haste {unknown}
 p - a potion of might
 s - a potion of invisibility
 z - 2 potions of degeneration


   Skills:
 - Level 2.6 Dodging
 - Level 2.6 Stealth
 + Level 8.1 Spellcasting
 - Level 5.0 Hexes
 + Level 9.5 Summonings
 + Level 2.3 Ice Magic
 + Level 5.3 Air Magic


You had 7 spell levels left.
You knew the following spells:

 Your Spells              Type           Power      Damage    Failure   Level
a - Summon Ice Beast      Ice/Summ       31%        N/A       3%          4
b - Call Imp              Summ           46%        N/A       1%          2
c - Call Canine Familiar  Summ           46%        N/A       1%          3
d - Summon Guardian Gole  Hex/Summ       37%        N/A       1%          3
e - Summon Lightning Spi  Summ/Air       37%        N/A       1%          4

Your spell library contained the following spells:

 Spells                   Type           Power      Damage    Failure   Level
 Summon Small Mammal      Summ           100%       N/A       1%          1
 Foxfire                  Conj/Fire      32%        2x1d5     3%          1
 Frozen Ramparts          Ice            34%        1d6       4%          3
 Ice Form                 Ice/Tmut       12%        N/A       21%         4
 Fireball                 Conj/Fire      4%         3d4       65%         5
 Starburst                Conj/Fire      4%         6d3       99%         6


Dungeon Overview and Level Annotations

Branches:
Dungeon (8/15)             Temple (1/1) D:4           Sewer (visited)
   Lair: D:8-11

Altars:
Cheibriados
Dithmenos
Fedhas
Gozag
Hepliaklqana
Kikubaaqudgha
Makhleb
Nemelex Xobeh
Okawaru
Qazlal
Ru
Sif Muna
Uskayaw
Vehumet
Wu Jian
Yredelemnul
Zin
Lugonu

Shops:
D:6 ?

Annotations:
D:7 2 transporters, AigisTheKnight's ghost, novice OpFE


Innate Abilities, Weirdness & Mutations

You have sharp claws.
You have razor-sharp teeth.
You have supernaturally acute eyesight. (SInv)
You cover ground quickly. (Speed+)
You are covered in thick fur. (AC +2)
Your paws help you pounce on unaware monsters.
You are incapable of wielding weapons or throwing items.
You cannot wear armour.
You gain extra lives every three experience levels.


Message History

You feel sick.
Your crimson imp disappears in a puff of smoke!
Your wolf is engulfed in a cloud of scalding steam. x2
The kobold hits your lightning spire but does no damage.
You feel much better.
You are engulfed in a cloud of scalding steam.
You feel sick.
Your ice beast disappears in a puff of smoke!
Your wolf is engulfed in a cloud of scalding steam.
The kobold is engulfed in a cloud of scalding steam.
The kobold hits something but does no damage.
You are engulfed in a cloud of scalding steam.
* * * LOW HITPOINT WARNING * * *
You feel sick.
Your wolf is engulfed in a cloud of scalding steam.
Found a stone staircase leading down.
You feel sick.
Your wolf is engulfed in a cloud of scalding steam.
The kobold hits your lightning spire but does no damage.
Okay, then.
What are your orders? t - Meow!
Orders for allies: a - Attack new target. r - Retreat! s - Stop attacking. g - Guard the area. f - Follow me.
Anything else - Cancel.
Gang up on whom?
Press: ? - help, Dir - move target, f - steam dragon
Aim: a steam dragon (grey smoke) Attack!
You feel sick.
You are no longer poisoned.
Your wolf is engulfed in a cloud of scalding steam.
The kobold hits your lightning spire but does no damage.
Your wolf is engulfed in a cloud of scalding steam.
The kobold hits your lightning spire with a +0 dagger.
The steam dragon breathes steam at you.
The ball of steam hits your guardian golem.
Your guardian golem resists.
The ball of steam hits you!
You die...
Your body crumbles into a pile of gold.

#. #........ ##..)....
#....... ######.......
...#........ #
######...........
#.####..9D..#####.....
##.....§§#h§8.$$.....#.
#.....@######K....#####
#........#..#..$..# #
#........#..#..#..#..#.
#....>......'._#..'....
.^..........#########...
.#...........+ ..
>.........#..# .
..........#..#


You could see a steam dragon (catching breath, ally target), a kobold, a
friendly guardian golem (summoned), a friendly wolf (summoned, sheltered) and a
friendly lightning spire (summoned, sheltered).

Vanquished Creatures
  Pikel (D:7)
  Duvessa (D:7)
  A gnoll bouda (D:7)
  2 gnolls (D:7)
  A bat (D:2)
  A rat (D:1)
7 creatures vanquished.

Vanquished Creatures (collateral kills)
  A troll (D:8)
  A human (D:4)
  A water moccasin (D:6)
  2 ice beasts
  A sky beast (D:7)
  Pargi (Sewer)
  A black bear (D:4)
  An orc warrior (D:7)
  3 wolves (D:8)
  A centaur (D:7)
  3 lemures (D:7)
  A kobold brigand (D:8)
  2 scorpions
  3 bullfrogs
  2 necrophages
  Dowan (D:7)
  2 howler monkeys
  7 hounds
  4 orc priests
  3 jellies
  Jessica (D:2)
  7 orc wizards
  2 iguanas (D:4)
  A mummy (D:6)
  5 gnolls
  14 adders
  2 shadow imps
  A white imp (D:7)
  4 ufetubi
  4 worms
  29 orcs
  3 ball pythons
  4 endoplasms
  7 giant cockroaches
  12 goblins
  12 hobgoblins
  4 quokkas
  3 bats
  A frilled lizard (D:2)
  A goblin skeleton (D:4)
  12 kobolds
  10 rats
180 creatures vanquished.

Vanquished Creatures (others)
  An orc warrior (D:8)
  Crazy Yiuf (D:7)
  An orc priest (D:8)
  An orc wizard (D:7)
  A fungus (D:7)
5 creatures vanquished.

Grand Total: 192 creatures vanquished

Notes
Turn   | Place    | Note
-------+----------+-------------------------------------------
     0 | D:1      | NinjaNoafa the Felid Summoner began the quest for the Orb.
     0 | D:1      | Reached XP level 1. HP: 7/7 MP: 4/4
   413 | D:1      | Reached XP level 2. HP: 11/11 MP: 6/6
  1023 | D:1      | Learned a level 2 spell: Call Imp
  1608 | D:2      | Reached XP level 3. HP: 10/14 MP: 6/8
  1612 | D:2      | Learned a level 3 spell: Call Canine Familiar
  1711 | D:2      | Noticed Jessica
  1719 | D:2      | Killed Jessica
  1855 | D:2      | Reached XP level 4. HP: 18/18 MP: 3/9
  2252 | D:3      | Reached skill level 5 in Summonings
  2618 | D:3      | Reached XP level 5. HP: 21/21 MP: 11/11
  2632 | D:3      | Learned a level 3 spell: Summon Guardian Golem
  2984 | D:3      | Found a hazy altar of Hepliaklqana.
  2990 | D:3      | Found a shadowy altar of Dithmenos.
  2990 | D:3      | Noticed a shadow
  3061 | D:3      | Found a burning altar of Makhleb.
  3391 | D:4      | Noticed a human
  3391 | D:4      | Found a runed translucent door.
  3391 | D:4      | Found a basalt altar of Yredelemnul.
  3473 | D:4      | Killed a human
  3474 | D:4      | Reached skill level 6 in Summonings
  3474 | D:4      | Gained mutation: You are covered in thick fur. (AC +2)
                  | [Felid growth]
  3474 | D:4      | Reached XP level 6. HP: 24/24 MP: 0/14
  3919 | D:4      | Reached skill level 5 in Spellcasting
  3952 | D:4      | Found an iron altar of Okawaru.
  4071 | D:4      | Found a staircase to the Ecumenical Temple.
  4080 | Temple   | Entered the Ecumenical Temple
  4092 | Temple   | Became a worshipper of Gozag Ym Sagoz the Greedy
  4414 | D:4      | Reached XP level 7. HP: 27/27 MP: 15/15
  4529 | D:5      | Entered Level 5 of the Dungeon
  4610 | D:5      | Reached skill level 7 in Summonings
  4669 | D:5      | Identified the +8 quarterstaff "Usypn" {vamp, rPois Will+}
  4690 | D:5      | Found Cuopn's Magic Scroll Shoppe.
  4735 | D:5      | Bought a scroll of fear for 56 gold pieces
  4735 | D:5      | Bought a scroll of identify for 28 gold pieces
  4735 | D:5      | Bought a scroll of identify for 28 gold pieces
  4739 | D:5      | Bought a scroll of identify for 28 gold pieces
  4739 | D:5      | Bought a scroll of identify for 28 gold pieces
  4739 | D:5      | Bought a scroll of amnesia for 56 gold pieces
  4739 | D:5      | Bought a scroll of identify for 28 gold pieces
  5155 | D:5      | Learned a level 4 spell: Summon Lightning Spire
  5410 | D:5      | Bought a scroll of magic mapping for 105 gold pieces
  5517 | D:6      | Found a glowing drain.
  5547 | Sewer    | Entered a sewer
  5645 | Sewer    | Noticed Pargi
  5656 | Sewer    | Killed Pargi
  5657 | Sewer    | Reached skill level 1 in Hexes
  5829 | Sewer    | Reached skill level 1 in Air Magic
  5969 | D:6      | Reached XP level 8. HP: 23/31 MP: 11/18
  6492 | D:6      | Found an ornate altar of the Wu Jian Council.
  6529 | D:6      | Found a snail-covered altar of Cheibriados.
  6823 | D:6      | Found a sparkling altar of Nemelex Xobeh.
  6839 | D:6      | Reached skill level 8 in Summonings
  6988 | D:6      | Found Yste's Magic Scroll Shop.
  7004 | D:6      | Bought a scroll of identify for 22 gold pieces
  7004 | D:6      | Bought a scroll of noise for 11 gold pieces
  7004 | D:6      | Bought a scroll of teleportation for 33 gold pieces
  7004 | D:6      | Bought a scroll of identify for 22 gold pieces
  7004 | D:6      | Bought a scroll of identify for 22 gold pieces
  7065 | D:6      | Noticed a +0 hand axe
  7066 | D:6      | Found a hide-covered altar of Uskayaw.
  7066 | D:6      | Noticed a +0 dagger
  7476 | D:5      | Bought a scroll of fog for 56 gold pieces
  7552 | D:7      | HP: 1/31 [disintegration[a gnoll bouda] (10)]
  7553 | D:7      | Demolished by a gnoll
  7554 | D:7      | Reached XP level 7. HP: -15/27 MP: 11/18
  7696 | D:7      | Noticed Duvessa
  7721 | D:7      | Learned a level 4 spell: Summon Ice Beast
  7735 | D:7      | Noticed Dowan
  7737 | D:7      | Killed Duvessa
  7738 | D:7      | Reached skill level 5 in Hexes
  7766 | D:7      | Killed Dowan
  7767 | D:7      | Reached XP level 8. HP: 17/31 MP: 1/19
  8085 | D:7      | Noticed Pikel
  8139 | D:7      | Killed Pikel
  8660 | D:7      | Found a transporter.
  8663 | D:7      | Noticed AigisTheKnight's ghost (novice OpFE)
  8899 | D:7      | Reached skill level 9 in Summonings
  9016 | D:7      | Reached XP level 9. HP: 34/34 MP: 5/21
  9241 | D:7      | Found a runed translucent door.
  9242 | D:7      | Noticed Crazy Yiuf
  9296 | D:7      | Found a transporter.
  9330 | D:7      | Found a stormy altar of Qazlal.
  9523 | D:7      | Killed Crazy Yiuf
  9782 | D:8      | Reached skill level 1 in Ice Magic
  9988 | D:8      | Reached skill level 5 in Air Magic
 10085 | D:8      | Noticed a troll
 10092 | D:8      | Killed a troll
 10226 | D:8      | Killed from afar by an electric eel
 10227 | D:8      | Reached XP level 8. HP: -10/31 MP: 21/21
 10230 | D:8      | Found a sacrificial altar of Ru.
 10335 | D:8      | Killed from afar by a steam dragon

Illustrated notes

Levels and vault maps discovered:
D:1:      grunt_arrival_lava_bath, layout_basic
D:2:      layout_loops_ring, kennysheep_minor_cross, uniq_jessica
D:3:      cheibrodos_greedy_goblins, layout_rooms,
          riverfiend_overflow_shadow_ancestor, bloody_makhleb,
          minmay_increasing_density
D:4:      layout_basic, amcnicky_altar_gilded, dk_yredelemnul_ordeal,
          temple_green, chequers_mini_garden
D:5:      layout_cave_pools, serial_shops, shop, serial_column_ruins,
          column_ruins_columns_straight, column_ruins_columns_corner,
          column_ruins_grid_1, column_ruins_corridor_straight, minmay_holes
D:6:      layout_layer_cave, nemelex_xobeh_ov_fountains_minmay, slow_altar_1,
          lemuel_doored_altar, dancing_weapons_uskayaw, serial_shops,
          shop_coins, gup_sewer_entry_pipe, nicolae_lava_and_water
D:7:      layout_loops_corners, nicolae_qazlal_eye_of_the_storm,
          gammafunk_ghost_stat_death, minmay_misc_feat_plants,
          minmay_misc_feat_tower, uniq_crazy_yiuf_cottage, uniq_duvessa,
          uniq_pikel
D:8:      layout_rooms, doesnt_xom_only_xom, hangedman_ru_absence,
          erik_lair_island, gammafunk_ghost_grave, kennysheep_pointless_box
Temple:   corrupted_temple

Skill      XL: |  1  2  3  4  5  6  7  8  9 |
---------------+----------------------------+-----
Spellcasting   | 3 4 5 6 7 8 |  8.1
Summonings     | 5 6 7 9 |  9.5
Hexes          | 5 4 |  5.0
Air Magic      | 3 4 5 |  5.3
Ice Magic      | 2 |  2.3
Dodging        | |  2.6
Stealth        | |  2.6

Action                   |  1- 3 |  4- 6 |  7- 9 || total
-------------------------+-------+-------+-------++-------
Melee: Unarmed           |     5 |    11 |    11 ||    27
       Punch             |       |     1 |     1 ||     2
       Bite              |       |     1 |     1 ||     2
 Cast: Summon Small Mamm |    51 |    38 |    50 ||   139
       Call Imp          |     9 |    21 |    37 ||    67
       Call Canine Famil |     3 |    22 |    38 ||    63
       Summon Guardian G |       |     5 |    16 ||    21
       Summon Ice Beast  |       |       |    23 ||    23
       Summon Lightning  |       |       |    10 ||    10
Evoke: Wand              |       |       |     2 ||     2
  Use: Scroll            |       |       |    17 ||    17
       Potion            |       |       |     1 ||     1
Armor: Skin              |     3 |     2 |     9 ||    14
Dodge: Dodged            |    33 |    28 |   110 ||   171

Table legend: (Time is in decaauts)
 A = Elapsed time spent in this place.
 B = Non-inter-level travel time spent in this place.
 C = Inter-level travel time spent in this place.
 D = Time resting spent in this place.
 E = Time spent auto-exploring this place.
 F = Levels seen in this place.
 G = Mean time per level.
                   A        B        C        D        E       F      G
               +--------+--------+--------+--------+--------+-----+--------+
         Total |   9253 |   8927 |    326 |      0 |   6775 |  10 |  925.3 |
       Dungeon |   8879 |   8566 |    313 |      0 |   6485 |   8 | 1109.9 |
        Temple |     43 |     30 |     13 |      0 |     20 |   1 |   43.0 |
         Sewer |    330 |    330 |      0 |      0 |    269 |   1 |  330.0 |
               +--------+--------+--------+--------+--------+-----+--------+

Top non-repeatable levels by time:
     D:7: 1935 daAuts
     D:6: 1465 daAuts
     D:3: 1229 daAuts
     D:4: 986 daAuts
     D:1: 940 daAuts
     D:2: 862 daAuts
     D:5: 829 daAuts
     D:8: 630 daAuts
   Sewer: 330 daAuts
  Temple: 43 daAuts
